 Dungeon Crawl Stone Soup version 0.31.0-9-g3a7656b989 (webtiles) character file.

Game seed: 4226098152803478327

49 qw the Shooter (level 3, -3/20 HPs)
             Began as a Deep Elf Hunter on Feb 2, 2024.
             Slain by Natasha (7 damage)
             ... on level 2 of the Dungeon.
             The game lasted 00:00:04 (1086 turns).

qw the Shooter (Deep Elf Hunter)                    Turns: 1086, Time: 00:00:04

Health: -3/20      AC:  4    Str: 10    XL:     3   Next: 51%
Magic:  5/5        EV: 12    Int: 13    God:
Gold:   68         SH:  0    Dex: 18    Spells: 2/2 levels left

rFire   . . .        a - +0 shortbow
rCold   . . .        (shield currently unavailable)
rNeg    . . .        c - +0 leather armour
rPois   .            e - +0 helmet
rElec   .            (no cloak)
rCorr   .            (no gloves)
SInv    .            (no boots)
Will    .....        (no amulet)
Stlth   ++           (no ring)
HPRegen 0.23/turn    (no ring)
MPRegen 0.09/turn

%: no passive effects
@: about to teleport
A: no striking features
a: no special abilities


You were on level 2 of the Dungeon.
You visited 1 branch of the dungeon, and saw 2 of its levels.

You collected 68 gold pieces.


   Skills:
 - Level 1.5 Fighting
 + Level 7.0 Ranged Weapons
 - Level 2.4 Dodging
 - Level 1.2 Stealth


You had 2 spell levels left.
You didn't know any spells.
Your spell library was empty.

Inventory:

Hand Weapons
 a - a +0 shortbow (weapon)
Armour
 c - a +0 leather armour (worn)
 e - a +0 helmet (worn)
Jewellery
 f - a +6 ring of intelligence
Scrolls
 d - a scroll of poison {unknown}
Potions
 b - a potion of haste {unknown}

Dungeon Overview and Level Annotations

Branches:
Dungeon (2/15)

Altars:

Annotations:
D:2 Natasha


Message History

Natasha is heavily wounded.
Natasha casts a spell.
You shoot an arrow. The arrow hits Natasha.
Natasha is almost dead.
You shoot an arrow. The arrow closely misses Natasha.
You shoot an arrow. The arrow closely misses Natasha.
The arrow closely misses the cerulean imp.
You shoot an arrow. The arrow misses Natasha.
The arrow closely misses the cerulean imp.
Natasha casts a spell.
Enter note:
Enter note: You shoot an arrow.
The arrow closely misses Natasha.
The cerulean imp hits you but does no damage.
You shoot an arrow. The arrow barely misses Natasha.
Natasha stares at you and mumbles some strange words.
The magic dart hits you. The cerulean imp barely misses you.
You shoot an arrow. The arrow barely misses Natasha.
The arrow closely misses the cerulean imp.
The cerulean imp hits you from afar with a +2 spear.
Natasha closely misses you. The cerulean imp closely misses you.
The cerulean imp hits you from afar with a +2 spear.
You shoot an arrow. The arrow barely misses Natasha.
The arrow barely misses the cerulean imp.
Natasha casts a spell at you. The magic dart hits you!
The cerulean imp closely misses you.
The cerulean imp hits you but does no damage.
1085 ||| READING scroll of teleportation.
As you read the scroll of teleportation, it crumbles to dust.
You feel strangely unstable. Natasha claws you.
The cerulean imp hits you but does no damage. x2
You shoot an arrow.
The arrow hits Natasha but does no damage.
Natasha is almost dead.
Natasha wildly gestures.
You feel troubled. Natasha claws you!
You die...
Natasha begins licking her fur clean.

## ##.#.##....##.... ..#
#..#......###.... ...
####.#......##)..###
#.##....#.....#...##
#....##...#.....###
###.....###.....###
#####...%###........#####
........####.#.#.##.##...
....#...@......#.##.....#
.##.....h......#........#
##....55......(.#.....#
.......................#
####.............##....#
.............. #.....
...#.......... ......
#.............. ##....#


You could see Natasha and 2 cerulean imps.

Vanquished Creatures
  An adder (D:2)
  2 dart slugs
  5 bats
  3 endoplasms (D:1)
  4 giant cockroaches (D:1)
  5 goblins
  4 hobgoblins (D:1)
  A quokka (D:1)
  A ball python (D:1)
  4 frilled lizards (D:1)
  3 kobolds
  A rat (D:1)
34 creatures vanquished.

Notes
Turn   | Place    | Note
-------+----------+-------------------------------------------
     0 | D:1      | qw the Deep Elf Hunter began the quest for the Orb.
     0 | D:1      | Reached XP level 1. HP: 12/12 MP: 3/3
     0 | D:1      | 0 ||| qw: Version: 0.3-a-155-g5e7d8dd
     0 | D:1      | 0 ||| qw: Game counter: 2307
     0 | D:1      | 0 ||| qw: Melee chars always use a shield: true
     0 | D:1      | 0 ||| qw: God list: Okawaru
     0 | D:1      | 0 ||| qw: Allow faded altars: false
     0 | D:1      | 0 ||| qw: Do Orc after clearing Dungeon:15 true
     0 | D:1      | 0 ||| qw: Do second Lair branch before Depths: true
     0 | D:1      | 0 ||| qw: Lair rune preference: random
     0 | D:1      | 0 ||| qw: Goals: Normal
     0 | D:1      | 0 ||| PLANNING D:1-11
   236 | D:1      | Reached XP level 2. HP: 16/16 MP: 4/4
   242 | D:1      | Reached skill level 6 in Ranged Weapons
   509 | D:1      | Reached XP level 3. HP: 20/20 MP: 5/5
   785 | D:1      | 785 ||| UPGRADING to +0 helmet.
   790 | D:1      | 790 ||| READING scroll labelled JEOCOCOI MEOG.
   891 | D:1      | 891 ||| READING 3 scrolls labelled WOILAPT ZOGE.
   892 | D:1      | 892 ||| READING scroll labelled KEJUMM EJYWOF.
   892 | D:1      | 892 ||| IDENTIFYING scroll labelled IDAPHO ESHRUNN
   893 | D:1      | 893 ||| DROPPING scroll of butterflies.
   894 | D:1      | 894 ||| DROPPING 2 scrolls of fog.
  1053 | D:2      | Reached skill level 7 in Ranged Weapons
  1075 | D:2      | Noticed Natasha
  1084 | D:2      | HP: 4/20 [Natasha/magic dart (7)]
  1085 | D:2      | 1085 ||| READING scroll of teleportation.
  1086 | D:2      | Slain by Natasha

Levels and vault maps discovered:
D:1:      minmay_arrival_widening_spiral_wide, layout_basic
D:2:      layout_rooms, uniq_natasha

Skill      XL: |  1  2  3 |
---------------+----------+-----
Ranged Weapons | 6 7 |  7.0
Fighting       | |  1.5
Dodging        | |  2.4
Stealth        | |  1.2

Action                     || total
---------------------------++-------
   Fire: Shortbow          ||    92
    Use: Scroll            ||     4
 Armour: Leather armour    ||    24
  Dodge: Dodged            ||    15

Table legend:
 A = Non-vault XP
 B = Vault XP
 C = Vault XP percentage of total XP
 D = Non-vault monster count
 E = Vault monster count
 F = Vault count percentage of total count
                 A         B        C        D         E       F
            +---------+---------+-------+---------+---------+-------
      Total |      70 |       0 |   0.0 |      34 |       0 |   0.0
            +---------+---------+-------+---------+---------+-------
        D:1 |      46 |       0 |   0.0 |      27 |       0 |   0.0
        D:2 |      24 |       0 |   0.0 |       7 |       0 |   0.0
            +---------+---------+-------+---------+---------+-------
